 Dungeon Crawl Stone Soup version 0.30-a0-591-g3c58d2bc28 (webtiles) character file.

Game seed: 12197925390475787471

3433 OTABOTABOTAB the Changer (level 9, -14/70 HPs)
             Began as a Red Draconian Transmuter on Jan 4, 2023.
             Was a Follower of Sif Muna.
             Demolished by Crazy Yiuf
             ... wielding a +3 quarterstaff of chaos
              (23 damage)
             ... on level 7 of the Dungeon.
             The game lasted 00:18:11 (9175 turns).

OTABOTABOTAB the Changer (Red Draconian Transmuter) Turns: 9175, Time: 00:18:12

Health: -14/70     AC:  2    Str: 14    XL:     9   Next: 77%
Magic:  10/14      EV: 25    Int: 17    God:    Sif Muna [*.....]
Gold:   282        SH:  0    Dex: 16    Spells: 4/14 levels left

rFire   . . .      SeeInvis .      - Unarmed
rCold   . . .      Faith    .    (shield currently unavailable)
rNeg    . . .      Spirit   .    (body armour unavailable)
rPois   x          Reflect  .    (helmet currently unavailable)
rElec   .          Harm     .    (cloak currently unavailable)
rCorr   .          Rampage  .    (gloves currently unavailable)
Will    .....                    (boots currently unavailable)
Stlth   +                        a - amulet of the acrobat
HPRegen 0.31/turn                E - +5 ring of evasion
MPRegen 0.14/turn                (no ring)

@: spider-form, wereblooded
A: venomous fangs, (breathe fire), AC +7, tiny, unfitting armour, (fire
resistance 1), (cold-blooded)
a: End Transformation, Renounce Religion, Channel Magic


You were on level 7 of the Dungeon.
You worshipped Sif Muna.
Sif Muna was aware of your devotion.
You were a venomous arachnid creature.
You visited 2 branches of the dungeon, and saw 8 of its levels.

You collected 386 gold pieces.
You spent 104 gold pieces at shops.

Inventory:

Hand Weapons
 b - a +0 club
   (You took it off an orc on level 7 of the Dungeon)
 c - the +6 hammer of Exquisite Death (melded) {speed, Drain rPois rN+++ SInv}
   (You found it on level 7 of the Dungeon)

   rPois:     It protects you from poison.
   rN:        It renders you almost immune to negative energy.
   SInv:      It lets you see invisible.
   Drain:     It drains your maximum health when unequipped.
Missiles
 g - 4 poisoned darts
 r - 4 boomerangs
 s - 43 stones
Armour
 i - a +1 cloak (melded)
   (You found it on level 2 of the Dungeon)
Jewellery
 a - an amulet of the acrobat (around neck)
   (You found it on level 3 of the Dungeon)
 E - a +5 ring of evasion (left front leg)
   (You found it on level 1 of the Dungeon)
Wands
 o - a wand of light (3)
   (You took it off Ijyb on level 5 of the Dungeon)
Scrolls
 j - 2 scrolls of enchant weapon
 n - a scroll of amnesia
 q - a scroll of enchant armour
 D - 2 scrolls of blinking {!r}
 Y - 5 scrolls of teleportation {@r3}
Potions
 h - 2 potions of attraction {!q}
 m - 2 potions of degeneration {unknown}
 H - 3 potions of haste
 J - 4 potions of curing {@q1}
 M - a potion of might
 N - 2 potions of heal wounds {@q2}
 P - 4 potions of lignification {!q}
 U - 4 potions of mutation {!q}


   Skills:
 - Level 3.6 Fighting
 - Level 3.4 Dodging
 - Level 6.6 Unarmed Combat
 - Level 3.4 Spellcasting
 + Level 6.8 Transmutations
 - Level 5.0 Ice Magic
 + Level 3.6 Earth Magic
 - Level 3.0 Poison Magic
 - Level 4.9 Invocations


You had 4 spell levels left.
You knew the following spells:

 Your Spells              Type           Power      Damage    Failure   Level
a - Beastly Appendage     Tmut           52%        N/A       5%          1
b - Wereblood             Tmut           26%        N/A       7%          2
c - Spider Form           Tmut/Pois      19%        N/A       19%         3
d - Ice Form              Ice/Tmut       22%        N/A       32%         4

Your spell library contained the following spells:

 Spells                   Type           Power      Damage    Failure   Level
 Freeze                   Ice            76%        1d8       9%          1
 Frozen Ramparts          Ice            38%        1d6       17%         3
 Slow                     Hex            8%         N/A       36%         1
 Hailstorm                Conj/Ice       11%        3d5       38%         3
 Sublimation of Blood     Necr           2%         N/A       47%         2
 Confusing Touch          Hex            2%         N/A       67%         3
 Tukima's Dance           Hex            2%         N/A       67%         3
 Vampiric Draining        Necr           2%         2d6       67%         3
 Leda's Liquefaction      Hex/Erth       4%         N/A       82%         4
 Passage of Golubria      Tloc           2%         N/A       95%         4
 Lee's Rapid Deconstruct  Erth           7%         3d7*      87%         5
 Yara's Violent Unravell  Hex/Tmut       7%         3d5       89%         5
 Statue Form              Tmut/Erth      13%        N/A       99%         6
 Summon Hydra             Summ           1%         N/A       100%        7


Dungeon Overview and Level Annotations

Branches:
Dungeon (7/15)             Temple (1/1) D:5

Altars:
Ashenzari
Cheibriados
Dithmenos
Elyvilon
Fedhas
Gozag
Hepliaklqana
Kikubaaqudgha
Makhleb
Nemelex Xobeh
Okawaru
Qazlal
Ru
Sif Muna
Trog
Uskayaw
Vehumet
Wu Jian
Xom
Yredelemnul
Zin
The Shining One

Shops:
D:1 !

Annotations:
D:7 Crazy Yiuf


Innate Abilities, Weirdness & Mutations

You are a venomous arachnid creature.
You have poisonous fangs.
You are tiny and dextrous.
Your spellcasting is less reliable in this form.
Your armour is entirely melded.
You are incapable of wielding weapons or throwing items.
((You can breathe blasts of fire.))
((Your fiery red scales are hard. (AC +7)))
You cannot fit into any form of body armour.
((Your flesh is heat resistant. (rF+)))
((You are cold-blooded and may be slowed by cold attacks.))


Message History

You hit Dowan. Dowan barely misses you.
Dowan mumbles some strange words.
Dowan blinks!
Unknown command.
Dowan misses you.
You hit Dowan. Your kick misses Dowan. Your headbutt misses Dowan.
Your punch misses Dowan. Dowan gestures at you while chanting.
The shard of ice misses you.
You barely miss Dowan. You claw Dowan. Your headbutt misses Dowan.
Your tail-slap misses Dowan.
Dowan casts a spell at you. The stone arrow misses you.
You hit Dowan.
You feel a bit better.
You kill Dowan!
Sif Muna accepts your kill.
You howl as the wereblood boils in your veins!
You regained 3 hp, and now have 59/70 hp.
No target in view!
Unknown command.
No target in view!
Your horns disappear.
Your talons disappear.
MP restored: 14 Your primal bloodlust is almost over.
You howl as the wereblood boils in your veins!
Your primal bloodlust has ended.
Things that are here:
a +3 dagger; a +2 robe of cold resistance Health restored: 70 You now have 282 gold pieces (gained 14).
Found a stone staircase leading up.
There is a stone staircase leading up here.
A water moccasin comes into view.
The water moccasin completely misses you. x2
Unknown command.
You hit the water moccasin. The water moccasin closely misses you.
You hit the water moccasin. The water moccasin closely misses you.
You miss the water moccasin.
You tail-slap the water moccasin, but do no damage.
The water moccasin barely misses you.
The water moccasin completely misses you.
You barely miss the water moccasin.
Your tail-slap misses the water moccasin.
The water moccasin closely misses you.
You sock the water moccasin!
Your tail-slap misses the water moccasin.
The water moccasin closely misses you.
You miss the water moccasin.
You tail-slap the water moccasin, but do no damage.
The water moccasin misses you.
You miss the water moccasin. You punch the water moccasin.
The water moccasin misses you. The water moccasin bites you.
You take 1 damage, and have 69/70 hp.
You closely miss the water moccasin.
Your tail-slap misses the water moccasin.
The water moccasin bites you but does no damage.
You sock the water moccasin!
The water moccasin completely misses you.
You hit the water moccasin.
You kill the water moccasin!
Sif Muna accepts your kill.
No target in view!
j - 2 scrolls of enchant weapon (gained 1)
P - 4 potions of lignification {!q} (gained 1)
You see here a +0 war axe.
Found an ornate altar of the Wu Jian Council.
You see here a +2 hammer of draining.
You see here a +0 hammer.
You see here a +0 hammer.
Crazy Yiuf shouts!
You see here a +0 hammer.
Health restored: 70 Could not explore, unopened runed door.
Could not explore, unopened runed door.
Your blood is infused with primal strength.
Crazy Yiuf says, "Buddy!"
You now have 12/14 mp.
You turn into a venomous arachnid creature.
The +6 hammer of Exquisite Death {speed, Drain rPois rN+++ SInv} melds into your body.
Your +1 cloak melds into your body.
Crazy Yiuf screams, "Blight!
Liver horse sow."
You now have 9/14 mp.
You open the door.
Crazy Yiuf says, "Seed snail Orb Guardian!"
Crazy Yiuf drinks a potion.
Crazy Yiuf goes berserk!
Crazy Yiuf misses you. Crazy Yiuf completely misses you.
There is an open translucent door here.
You hit Crazy Yiuf but do no damage. Crazy Yiuf completely misses you.
You hit Crazy Yiuf.
Crazy Yiuf is poisoned.
Crazy Yiuf hits you with a +3 quarterstaff of chaos!!
Crazy Yiuf burns you!
Crazy Yiuf hits you with a +3 quarterstaff of chaos!
You are electrocuted!!
* * * LOW HITPOINT WARNING * * *
You take 61 damage, and have 9/70 hp.
MASSIVE DAMAGE!!
You hit Crazy Yiuf.
Crazy Yiuf hits you with a +3 quarterstaff of chaos!!
You die...

####.###.#.# #....#
#.....#...## .#.....#...#
♣....♣ #...........
....#<.....# ♣♣..)♣
#..##....... ....#.#....#
♣♣.♣♣ #.###.......
###..###...# ♣♣)♣
#.###....... #### ##..# ♣)♣♣
#..##....... ###..# ♣♣)♣
#..#......#. ##..).# ♣)♣♣
#..#..##.### #†....# #s#
#..##..#..## ##.....# #)g)#
##.....#...[ #......# #)))#
#..........# #......# #).)#
#....####### #......# #####
#.....## ### #......#
#......###.#
#......###########...........
##........#..................
##...................#......


You could see Crazy Yiuf (berserk, very poisoned).

Vanquished Creatures
  Pikel (D:7)
  Prince Ribbit (D:5)
  A wyvern (D:5)
  Sigmund (D:2)
  Duvessa (D:7)
  2 water moccasins (D:7)
  3 ice beasts (D:5)
  A sky beast (D:6)
  An orc warrior (D:6)
  A black bear (D:6)
  4 ogres
  2 centaurs
  2 bullfrogs
  A scorpion (D:6)
  Dowan (D:7)
  3 killer bees (D:7)
  A gnoll bouda (D:6)
  4 hounds
  3 orc priests
  A jelly (D:6)
  Ijyb (D:5)
  5 iguanas
  5 orc wizards
  Robin (D:2)
  4 gnolls (D:6)
  4 adders
  2 shadow imps
  3 white imps
  An ufetubus (D:6)
  A worm (D:3)
  5 dart slugs
  18 orcs
  5 bats
  4 endoplasms
  A giant cockroach (D:3)
  12 goblins
  13 hobgoblins
  7 jackals
  5 kobolds
  2 quokkas (D:1)
  6 ball pythons
  10 frilled lizards
  9 rats
159 creatures vanquished.

Vanquished Creatures (others)
  A goblin (D:2)
1 creature vanquished.

Grand Total: 160 creatures vanquished

Notes
Turn   | Place    | Note
-------+----------+-------------------------------------------
     0 | D:1      | OTABOTABOTAB the Draconian Transmuter began the quest for
                  | the Orb.
     0 | D:1      | Reached XP level 1. HP: 16/16 MP: 3/3
    48 | D:1      | Found Xeafuop's Distillery.
   241 | D:1      | Reached XP level 2. HP: 23/23 MP: 3/5
   296 | D:1      | Reached skill level 1 in Poison Magic
   664 | D:1      | Reached XP level 3. HP: 28/28 MP: 4/6
   675 | D:1      | Learned a level 3 spell: Spider Form
   678 | D:1      | Learned a level 2 spell: Wereblood
  1164 | D:2      | Noticed Sigmund
  1181 | D:2      | Killed Sigmund
  1182 | D:2      | Reached skill level 4 in Unarmed Combat
  1182 | D:2      | Reached skill level 3 in Transmutations
  1182 | D:2      | Reached skill level 2 in Poison Magic
  1182 | D:2      | Reached XP level 4. HP: 35/35 MP: 4/7
  1182 | D:2      | Reached XP level 5. HP: 40/40 MP: 4/8
  1220 | D:2      | Found a basalt altar of Yredelemnul.
  1257 | D:2      | Noticed Robin
  1283 | D:2      | Killed Robin
  1284 | D:2      | Reached skill level 3 in Poison Magic
  2460 | D:3      | Reached skill level 4 in Transmutations
  2464 | D:3      | Reached XP level 6. HP: 47/47 MP: 4/9
  3004 | D:1      | Bought a potion of heal wounds for 65 gold pieces
  3004 | D:1      | Bought a potion of curing for 39 gold pieces
  3297 | D:4      | Found a snail-covered altar of Cheibriados.
  4040 | D:4      | Reached skill level 5 in Unarmed Combat
  4799 | D:5      | Entered Level 5 of the Dungeon
  5035 | D:5      | Noticed Prince Ribbit
  5047 | D:5      | HP: 8/47 [Prince Ribbit (10)]
  5050 | D:5      | Killed Prince Ribbit
  5051 | D:5      | Reached skill level 3 in Spellcasting
  5051 | D:5      | Reached skill level 5 in Transmutations
  5051 | D:5      | Your scales start taking on a fiery red colour.
  5051 | D:5      | Reached XP level 7. HP: 9/52 MP: 8/11
  5051 | D:5      | Gained mutation: Your flesh is heat resistant. (rF+) [Red
                  | Draconian growth]
  5316 | D:5      | Noticed Ijyb
  5330 | D:5      | Killed Ijyb
  5331 | D:5      | Reached skill level 1 in Ice Magic
  5435 | D:5      | HP: 7/52 [ice beast (9)]
  5438 | D:5      | Reached skill level 2 in Ice Magic
  5607 | D:5      | Found a staircase to the Ecumenical Temple.
  5614 | Temple   | Entered the Ecumenical Temple
  5747 | Temple   | Became a worshipper of Sif Muna the Loreminder
  5987 | D:5      | You fall into a shaft and drop 1 floor!
  5999 | D:6      | Reached skill level 3 in Ice Magic
  5999 | D:6      | Reached skill level 1 in Invocations
  5999 | D:6      | Reached XP level 8. HP: 35/59 MP: 8/12
  6141 | D:6      | Reached skill level 2 in Invocations
  6402 | D:6      | Found a hide-covered altar of Uskayaw.
  6521 | D:6      | Reached skill level 4 in Ice Magic
  6718 | D:5      | Reached skill level 3 in Invocations
  6782 | D:5      | Reached skill level 5 in Ice Magic
  6782 | D:5      | Reached skill level 4 in Invocations
  6789 | D:5      | Learned a level 4 spell: Ice Form
  6912 | D:5      | Reached skill level 2 in Dodging
  6912 | D:5      | Reached skill level 6 in Unarmed Combat
  7347 | D:6      | Reached skill level 2 in Fighting
  7422 | D:6      | Reached XP level 9. HP: 43/67 MP: 8/13
  7759 | D:6      | Found an opulent altar of Gozag.
  7859 | D:7      | Noticed Pikel
  7876 | D:7      | Killed Pikel
  7877 | D:7      | Reached skill level 3 in Fighting
  7877 | D:7      | Reached skill level 3 in Dodging
  7877 | D:7      | Reached skill level 1 in Earth Magic
  8006 | D:7      | Found a stormy altar of Qazlal.
  8470 | D:7      | Reached skill level 6 in Transmutations
  8560 | D:7      | Reached skill level 2 in Earth Magic
  8718 | D:7      | Reached * piety under Sif Muna
  8809 | D:7      | Identified the +6 hammer of Exquisite Death {speed, Drain
                  | rPois rN+++ SInv}
  8810 | D:7      | Found a runed translucent door.
  8877 | D:7      | Noticed Crazy Yiuf
  8910 | D:7      | Noticed Dowan
  8911 | D:7      | Noticed Duvessa
  8923 | D:7      | Killed Duvessa
  8924 | D:7      | Reached skill level 3 in Earth Magic
  8932 | D:7      | Killed Dowan
  9129 | D:7      | Found an ornate altar of the Wu Jian Council.
  9174 | D:7      | HP: 9/70 [Crazy Yiuf/+3 quarterstaff of chaos (18)]
  9175 | D:7      | Demolished by Crazy Yiuf

Illustrated notes

Levels and vault maps discovered:
D:1:      scummos_arrival_gate, layout_basic, serial_shops, shop,
          minmay_hexomino_p4
D:2:      layout_basic, basic_altar, minmay_lizard_pond, uniq_robin,
          uniq_sigmund
D:3:      layout_loops_ring
D:4:      layout_layer_cave, nicolae_overflow_hidden_temple,
          chequers_serial_rivers_micro_d
D:5:      layout_loops_ring, minmay_temple_entry_purple_smoke,
          grunt_ministairs_15, uniq_prince_ribbit1, uniq_ijyb
D:6:      layout_cave_pools, mainiacjoe_overflow_six_doors_small, serial_park,
          serial_park_tiny_1, serial_park_tiny_1, serial_park_square1
          [serial_park_minivault_5x5_7], serial_park_square1
          [serial_park_minivault_5x5_4]
D:7:      layout_cave_pools, nzn_wu_jian_council_hall,
          mainiacjoe_overflow_boulevard, kennysheep_generic_room_9, uniq_pikel,
          uniq_crazy_yiuf_cottage, uniq_duvessa
Temple:   dpeg_five_rooms_temple

Skill      XL: |  1  2  3  4  5  6  7  8  9 |
---------------+----------------------------+-----
Poison Magic   | 1 2 3 |  3.0
Unarmed Combat | 4 5 6 |  6.6
Transmutations | 3 4 5 6 |  6.8
Spellcasting   | 3 |  3.4
Ice Magic      | 3 5 |  5.0
Invocations    | 1 4 |  4.9
Dodging        | 2 3 |  3.4
Fighting       | 2 3 |  3.6
Earth Magic    | 3 |  3.6

Action                   |  1- 3 |  4- 6 |  7- 9 || total
-------------------------+-------+-------+-------++-------
Melee: Unarmed           |    79 |   178 |   223 ||   480
       Kick              |     9 |     4 |     6 ||    19
       Tailslap          |     4 |     9 |     9 ||    22
       Headbutt          |     3 |     5 |     3 ||    11
       Mace              |       |       |    25 ||    25
       Punch             |       |       |     2 ||     2
Throw: Stone             |     9 |    19 |       ||    28
 Cast: Beastly Appendage |    18 |     5 |     1 ||    24
       Spider Form       |     1 |    18 |    25 ||    44
       Wereblood         |       |     3 |     8 ||    11
       Ice Form          |       |       |     4 ||     4
 Abil: End Transformatio |    14 |    16 |    25 ||    55
       Breathe Fire      |       |       |     2 ||     2
  Use: Scroll            |       |     2 |    11 ||    13
Armor: Skin              |    14 |    20 |    24 ||    58
Dodge: Dodged            |    57 |   163 |   260 ||   480

Table legend: (Time is in decaauts)
 A = Elapsed time spent in this place.
 B = Non-inter-level travel time spent in this place.
 C = Inter-level travel time spent in this place.
 D = Time resting spent in this place.
 E = Time spent auto-exploring this place.
 F = Levels seen in this place.
 G = Mean time per level.
                   A        B        C        D        E       F      G
               +--------+--------+--------+--------+--------+-----+--------+
         Total |   9134 |   8692 |    442 |    558 |   6919 |   8 | 1141.8 |
       Dungeon |   8844 |   8450 |    394 |    558 |   6700 |   7 | 1263.4 |
        Temple |    289 |    241 |     48 |      0 |    219 |   1 |  289.0 |
               +--------+--------+--------+--------+--------+-----+--------+

Top non-repeatable levels by time:
     D:6: 1554 daAuts
     D:4: 1527 daAuts
     D:5: 1504 daAuts
     D:2: 1179 daAuts
     D:3: 1068 daAuts
     D:1: 1014 daAuts
     D:7: 996 daAuts
  Temple: 289 daAuts

Table legend:
 A = Kills in this place as a percentage of kills in entire the game.
 B = Kills by you in this place as a percentage of kills by you in the entire game.
 C = Kills by friends in this place as a percentage of kills by friends in the entire game.
 D = Other kills in this place as a percentage of other kills in the entire game.
 E = Experience gained in this place as a percentage of experience gained in the entire game.
 F = Experience gained in this place divided by the number of levels of this place that you have seen.
                   A       B       C       D       E      F
               +-------+-------+-------+-------+-------+----------------------
         Total | 100.0 | 100.0 |   N/A |   N/A | 100.0 | 613.1
       Dungeon | 100.0 | 100.0 |   N/A |   N/A | 100.0 | 700.7
               +-------+-------+-------+-------+-------+----------------------
